 Dungeon Crawl Stone Soup version 0.27-a0-650-g8dd3ea4f36 (webtiles) character file.

Game seed: 12298703667938851356

823 tilp the Insei (level 7, -4/48 HPs)
             Began as an Octopode Transmuter on Mar 15, 2021.
             Was an Initiate of Okawaru.
             Shot with an arrow by a centaur (18 damage)
             ... on level 5 of the Dungeon.
             The game lasted 00:10:56 (5665 turns).

tilp the Insei (Octopode Transmuter)                Turns: 5665, Time: 00:10:57

Health: -4/48      AC:  1    Str: 10    XL:     7   Next: 96%
Magic:  9/10       EV: 13    Int: 17    God:    Okawaru [......]
Gold:   288        SH:  0    Dex: 12    Spells: 4/10 levels left

rFire    . . .     SeeInvis +     - Unarmed
rCold    . . .     Faith    .   (no shield)
rNeg     . . .     Spirit   .   (helmet currently unavailable)
rPois    .         Reflect  .   k - amulet of regeneration
rElec    .         Harm     .   b - ring of flight
rCorr    .         Rampage  .   f - ring of see invisible
Will     .....                  (no ring)
Stlth    +++.......             (no ring)
HPRegen  1.16/turn              (no ring)
MPRegen  0.12/turn              (no ring)
                                (no ring)
                                (no ring)

@: about to teleport, appendages
A: tentacle spike 3, almost no armour, amphibious, 8 rings, camouflage 1,
gelatinous body 1, nimble swimmer 1, tentacles
a: End Transformation, Renounce Religion, Evoke Flight


You were on level 5 of the Dungeon.
You worshipped Okawaru.
Okawaru was noncommittal.
One of your tentacles had grown a beastly spike.
You visited 1 branch of the dungeon, and saw 5 of its levels.

You collected 288 gold pieces.

Inventory:

Missiles
 c - 203 stones
 p - 6 atropa-tipped darts
 q - 2 boomerangs (quivered)
Jewellery
 b - a ring of flight (left tentacle)
 f - a ring of see invisible (right tentacle)
 k - an amulet of regeneration (around mantle)
 t - a ring of fire
 u - an amulet of the acrobat
Wands
 s - a wand of digging (7)
Scrolls
 l - 2 scrolls of magic mapping
 o - a scroll of amnesia
 v - a scroll of enchant weapon {unknown}
 w - 2 scrolls of identify
 x - a scroll of fog {unknown}
 y - a scroll of blinking
Potions
 a - 2 potions of curing {unknown}
 d - a potion of heal wounds {unknown}
 e - 3 potions of invisibility
 h - a potion of flight {unknown}
 i - a potion of cancellation {unknown}
 m - a potion of resistance
 n - a potion of haste {unknown}
 r - 2 potions of might {unknown}


   Skills:
 - Level 4.0 Fighting
 - Level 2.0 Dodging
 - Level 4.0 Stealth
 - Level 6.0 Unarmed Combat
 - Level 2.0 Spellcasting
 - Level 2.0 Transmutations
 + Level 2.6 Invocations
 - Level 4.0 Evocations


You had 4 spell levels left.
You knew the following spells:

 Your Spells              Type           Power      Damage    Failure   Level
a - Beastly Appendage     Tmut           16%        N/A       9%          1
b - Wereblood             Tmut           8%         N/A       13%         2
c - Spider Form           Tmut/Pois      2%         N/A       36%         3

Your spell library contained the following spells:

 Spells                   Type           Power      Damage    Failure   Level
 Sandblast                Erth           2%         2d4       19%         1
 Passwall                 Tmut/Erth      4%         N/A       19%         2
 Stone Arrow              Conj/Erth      2%         3d7       50%         3
 Ice Form                 Ice/Tmut       5%         N/A       77%         4
 Petrify                  Tmut/Erth      5%         N/A       77%         4
 Blade Hands              Tmut           4%         N/A       93%         5
 Lee's Rapid Deconstruct  Erth           0%         3d5*      99%         5


Dungeon Overview and Level Annotations

Branches:
Dungeon (5/15)
 Temple: D:4-7

Altars:
Gozag
Hepliaklqana
Nemelex Xobeh
Okawaru
Qazlal
Zin
The Shining One

Annotations:
D:3 4 runed translucent doors, Crazy Yiuf; Natasha; diceflayer's ghost, amateur FoFi
D:5 Eustachio


Innate Abilities, Weirdness & Mutations

One of your tentacles has grown a beastly spike.
You cannot wear most types of armour.
You are amphibious.
You can wear up to eight rings at the same time.
Your skin changes colour to match your surroundings (Stealth+).
Your rubbery body absorbs attacks. (AC +1, EV +1)
You are stealthy while swimming. (Stealth+)
You have tentacles for arms and can constrict up to eight enemies at once.


Message History

Done waiting.
You see here a +0 giant club.
p - 4 atropa-tipped darts (gained 1)
p - 5 atropa-tipped darts (gained 1)
c - 202 stones (gained 1)
p - 6 atropa-tipped darts (gained 1);
c - 203 stones (gained 1)
You see here a +0 leather armour.
You see here a +0 giant club.
You see here a +3 hand crossbow.
Found a stone staircase leading down.
There is an escape hatch in the floor here.
A centaur comes into view.
The centaur wields a +0 shortbow.
The centaur shoots an arrow.
The arrow hits you!
Unknown command.
An ogre comes into view. It is wielding a +0 giant club.
Casting: Wereblood (safe; 13% risk of failure)
Confirm with . or Enter, or press ? or * to list all spells.
One of your tentacles grows a vicious spike.
The centaur shoots an arrow.
The arrow barely misses you.
The centaur shoots an arrow.
The arrow closely misses you.
The centaur unwields a +0 shortbow.
The centaur misses you.
You tentacle-slap the centaur but do no damage.
The centaur misses you.
You tentacle-slap the centaur.
You squeeze the centaur, but do no damage.
The centaur is moderately wounded.
The centaur completely misses you.
As you read the scroll of teleportation, it crumbles to dust.
You feel strangely unstable. The centaur hits you! x2
Unknown command.
The centaur wields a +0 shortbow.
The centaur shoots an arrow.
The arrow hits you!
* * * LOW HITPOINT WARNING * * *
Aiming: Mindburst
Press: ? - help, Shift-Dir - straight line, f - centaur
Aim: a centaur, wielding a +0 shortbow and quivering arrows (moderately wounded, chance to affect: 80%)
The centaur's mind is blasted!
The now-empty wand crumbles to dust.
The centaur shoots an arrow.
The arrow hits you!!
You die...

#.....# #......
##...... ##...#[..
#### ####........
###..###...........
#..c.....>.........
#..................
#.@#.>.............
#.##O.#....#.......
#.##.####.####...##
#.#..# #.# ##..##
#...## #.# #..#
#..O #.# ##.## #...
##.# .... ##. .....
##


You could see a centaur.

Vanquished Creatures
  3 ogres
  A scorpion (D:4)
  A hound (D:4)
  A centaur skeleton (D:4)
  A jelly (D:5)
  2 orc priests
  Natasha (D:3)
  An iguana (D:5)
  3 orc wizards (D:4)
  2 worker ants (D:4)
  A killer bee zombie (D:3)
  A hound skeleton (D:4)
  5 adders
  An ooze (D:3)
  An adder skeleton (D:5)
  A worm (D:3)
  5 dart slugs
  4 leopard geckos
  17 orcs
  7 bats
  2 giant cockroaches
  8 goblins
  13 hobgoblins
  16 jackals
  2 kobolds
  A quokka (D:4)
  A ball python (D:5)
  5 frilled lizards
  A leopard gecko skeleton (D:5)
  A quokka skeleton (D:4)
  8 rats
117 creatures vanquished.

Notes
Turn   | Place    | Note
-------+----------+-------------------------------------------
     0 | D:1      | tilp the Octopode Transmuter began the quest for the Orb.
     0 | D:1      | Reached XP level 1. HP: 13/13 MP: 3/3
    18 | D:1      | Reached skill level 1 in Stealth
   320 | D:1      | Reached XP level 2. HP: 10/18 MP: 5/5
   323 | D:1      | Learned a level 2 spell: Wereblood
   651 | D:1      | Found a glowing golden altar of the Shining One.
  1331 | D:1      | Reached XP level 3. HP: 23/23 MP: 6/6
  2459 | D:2      | Reached XP level 4. HP: 28/28 MP: 7/7
  2965 | D:3      | Reached skill level 4 in Unarmed Combat
  2972 | D:3      | Found a hazy altar of Hepliaklqana.
  2992 | D:3      | Noticed Natasha
  2999 | D:3      | Killed Natasha
  3000 | D:3      | Reached XP level 5. HP: 34/34 MP: 6/8
  3102 | D:3      | Found a runed translucent gate.
  3102 | D:3      | Found a runed translucent gate.
  3102 | D:3      | Found an opulent altar of Gozag.
  3105 | D:3      | Found a runed translucent gate.
  3105 | D:3      | Noticed diceflayer's ghost (amateur FoFi)
  3690 | D:3      | Found a runed translucent door.
  3690 | D:3      | Noticed Natasha
  3691 | D:3      | Noticed Crazy Yiuf
  3797 | D:4      | Found a glowing golden altar of the Shining One.
  3798 | D:4      | Found a glowing silver altar of Zin.
  3929 | D:4      | Reached skill level 5 in Unarmed Combat
  3929 | D:4      | Reached XP level 6. HP: 34/41 MP: 7/9
  4029 | D:4      | Found a stormy altar of Qazlal.
  4042 | D:4      | Found a sparkling altar of Nemelex Xobeh.
  4233 | D:4      | Reached skill level 6 in Unarmed Combat
  4235 | D:4      | Reached XP level 7. HP: 41/46 MP: 8/10
  4640 | D:4      | Reached skill level 1 in Evocations
  4660 | D:4      | Found an iron altar of Okawaru.
  4665 | D:4      | Became a worshipper of Warmaster Okawaru
  4793 | D:4      | Learned a level 3 spell: Spider Form
  4832 | D:5      | Entered Level 5 of the Dungeon
  4910 | D:5      | Identified the +1 ring mail "Weumpurrule" {Int+4}
  5090 | D:5      | Reached skill level 1 in Invocations
  5390 | D:5      | Noticed Eustachio
  5665 | D:5      | Shot with an arrow by a centaur

Illustrated notes

Levels and vault maps discovered:
D:1:      doesnt_arrival_eight_statues, layout_basic, tso_metal_star
D:2:      layout_rooms
D:3:      layout_loops_corners, nicolae_overflow_crystal_walls,
          ebering_ghost_gozag, minmay_increasing_density, uniq_natasha,
          uniq_crazy_yiuf_cottage
D:4:      layout_basic, marbit_many_paths, amethyst_overflow_temple_binary,
          gammafunk_temple_overflow_statue
D:5:      layout_layer_cave, uniq_eustachio

Skill      XL: |  1  2  3  4  5  6  7 |
---------------+----------------------+-----
Stealth        | 2 3 4 |  4.0
Fighting       | 2 3 4 |  4.0
Unarmed Combat | 4 5 6 |  6.0
Evocations     | 4 |  4.0
Invocations    | 2 |  2.6
Dodging        | |  2.0
Spellcasting   | |  2.0
Transmutations | |  2.0

Action                   |  1- 3 |  4- 6 |  7- 9 || total
-------------------------+-------+-------+-------++-------
Melee: Unarmed           |    81 |   115 |    77 ||   273
       Constrict         |    23 |    31 |    19 ||    73
       Tentacles         |     9 |    20 |    17 ||    46
       Punch             |     1 |     3 |    10 ||    14
       Kick              |     2 |    19 |    13 ||    34
Throw: Stone             |     1 |       |     3 ||     4
       Dart              |       |       |     4 ||     4
       Boomerang         |       |       |     2 ||     2
 Cast: Wereblood         |     3 |     7 |     5 ||    15
       Beastly Appendage |     3 |    21 |    12 ||    36
Evoke: Wand              |       |     1 |     6 ||     7
  Use: Scroll            |     1 |     4 |     3 ||     8
 Stab: Sleeping          |    10 |    14 |     3 ||    27
Armor: Skin              |     1 |     9 |     8 ||    18
Dodge: Dodged            |    38 |    57 |    69 ||   164

Table legend: (Time is in decaauts)
 A = Elapsed time spent in this place.
 B = Non-inter-level travel time spent in this place.
 C = Inter-level travel time spent in this place.
 D = Time resting spent in this place.
 E = Time spent auto-exploring this place.
 F = Levels seen in this place.
 G = Mean time per level.
                   A        B        C        D        E       F      G
               +--------+--------+--------+--------+--------+-----+--------+
         Total |   5644 |   5509 |    135 |   1410 |   3288 |   5 | 1128.8 |
       Dungeon |   5644 |   5509 |    135 |   1410 |   3288 |   5 | 1128.8 |
               +--------+--------+--------+--------+--------+-----+--------+

Top non-repeatable levels by time:
     D:1: 1462 daAuts
     D:4: 1174 daAuts
     D:3: 1139 daAuts
     D:2: 1119 daAuts
     D:5: 748 daAuts
